 Dungeon Crawl Stone Soup version 0.27-a0-223-ge082b6e869 (webtiles) character file.

Game seed: 4645063307963792919

1007 knot the Cleaver (level 8, 26/58 HPs)
             Began as a Demonspawn Berserker on Feb 2, 2021.
             Was a Priest of Trog.
             Quit the game on level 6 of the Dungeon.
             The game lasted 00:05:37 (5453 turns).

knot the Cleaver (Demonspawn Berserker)             Turns: 5453, Time: 00:05:38

Health: 26/58      AC:  9    Str: 18    XL:     8   Next: 0%
Magic:  8/8        EV: 11    Int: 11    God:    Trog [***...]
Gold:   63         SH:  0    Dex: 12    Spells: 7/7 levels left

rFire    . . .     SeeInvis .   D - +1 war axe (elec)
rCold    . . .     Faith    .   (no shield)
rNeg     . . .     Spirit   .   d - +3 ring mail {rPois}
rPois    +         Reflect  .   (helmet restricted)
rElec    .         Harm     .   a - +0 cloak {Will+}
rCorr    .         Rampage  .   (no gloves)
Will     +....                  (no boots)
Stlth    +.........             v - amulet of regeneration
HPRegen  0.59/turn              (no ring)
MPRegen  0.11/turn              (no ring)

@: no status effects
A: horns 2, spiny 1
a: Renounce Religion, Berserk, Trog's Hand


You were on level 6 of the Dungeon.
You worshipped Trog.
Trog was most pleased with you.
You visited 1 branch of the dungeon, and saw 6 of its levels.

You collected 258 gold pieces.
You spent 195 gold pieces at shops.

Inventory:

Hand Weapons
 D - a +1 war axe of electrocution (weapon)
Missiles
 c - 269 stones
 e - 2 boomerangs
 f - 53 poisoned darts
 g - 66 sling bullets
 n - a throwing net
Armour
 a - a +0 cloak of willpower (worn)
 d - a +3 ring mail of poison resistance (worn)
Jewellery
 s - an uncursed amulet of guardian spirit
 v - an amulet of regeneration (around neck)
Scrolls
 b - a scroll of random uselessness {unknown}
 j - 6 scrolls of teleportation
 l - 10 scrolls of identify {unknown}
 o - a scroll of fear {unknown}
 r - a scroll of enchant weapon {unknown}
 y - a scroll of magic mapping {unknown}
 z - a scroll of enchant armour
 C - a scroll of amnesia {unknown}
 E - a scroll of immolation {unknown}
Potions
 h - a potion of degeneration {unknown}
 i - 4 potions of attraction {unknown}
 k - 6 potions of heal wounds {unknown}
 m - a potion of berserk rage {unknown}
 p - 3 potions of curing {unknown}
 q - 2 potions of mutation {unknown}
 t - 2 potions of flight {unknown}
 u - a potion of magic {unknown}
 w - a potion of ambrosia {unknown}
 x - a potion of brilliance {unknown}
 A - 2 potions of haste {unknown}
 B - 2 potions of might {unknown}


   Skills:
 - Level 3.0 Fighting
 + Level 9.0 Axes
 - Level 1.7 Armour
 - Level 1.7 Dodging


You had 7 spell levels left.
You didn't know any spells.
Your spell library was empty.

Dungeon Overview and Level Annotations

Branches:
Dungeon (6/15)
 Temple: D:4-7

Altars:
Cheibriados
Xom

Shops:
D:5 (:


Innate Abilities, Weirdness & Mutations

You have a pair of horns on your head.
You are partially covered in sharp spines.


Message History

You closely miss the iguana. Your headbutt misses the iguana.
The iguana is severely wounded.
The iguana bites you!
You barely miss the iguana.
The iguana is severely wounded.
The iguana bites you!
You are too injured to fight recklessly!
You are too injured to fight recklessly!
You are too injured to fight recklessly!
You are too injured to fight recklessly!
You are too injured to fight recklessly!
You are too injured to fight recklessly!
You hit the iguana but do no damage. You headbutt the iguana.
You kill the iguana!
Trog accepts your kill.
Your Axes skill increases to level 9!
You have reached level 8!
You feel stronger.
Your demonic ancestry asserts itself...
Sharp spines emerge from parts of your body.
Are you sure you want to abandon this character and quit the game? (Confirm with "yes".)

..###....###..#
##.####.##....#.# #......###
##.###..# #.. .... ...##.##
##..#..#####........
......######...........######..
.......##.......#####..#
.#####..........## .
##...####...## ###....#......##
#.###........#..@..#
#......##...###.......#
#.###..###..# ##....### #.##
#.## ##....# ### #.# ##.... #.#
#.... ####.# .##. #...## #
#####


There were no monsters in sight!

Vanquished Creatures
  An ice beast (D:5)
  An ogre (D:5)
  2 centaurs (D:5)
  2 bullfrogs (D:6)
  A scorpion (D:4)
  A howler monkey (D:5)
  A hound (D:5)
  A quasit (D:5)
  An orc priest (D:4)
  Crazy Yiuf (D:5)
  An iguana (D:6)
  An orc wizard (D:4)
  3 worker ants
  8 adders
  A white imp (D:5)
  An ufetubus (D:5)
  An ooze (D:1)
  6 worms
  4 dart slugs
  A leopard gecko (D:6)
  15 orcs
  7 giant cockroaches
  11 goblins
  8 hobgoblins
  4 jackals (D:5)
  3 quokkas
  4 ball pythons
  8 bats
  7 frilled lizards
  A jackal skeleton (D:5)
  11 kobolds
  9 rats
127 creatures vanquished.

Notes
Turn   | Place    | Note
-------+----------+-------------------------------------------
     0 | D:1      | knot the Demonspawn Berserker began the quest for the Orb.
     0 | D:1      | Reached XP level 1. HP: 18/18 MP: 1/1
    44 | D:1      | Reached skill level 3 in Axes
   321 | D:1      | Gained mutation: You have a pair of small horns on your
                  | head. [demonic ancestry]
   321 | D:1      | Reached XP level 2. HP: 23/24 MP: 2/2
   815 | D:1      | Reached XP level 3. HP: 29/29 MP: 3/3
   855 | D:1      | Reached ** piety under Trog
   944 | D:1      | Reached skill level 4 in Axes
  1692 | D:2      | Reached XP level 4. HP: 33/35 MP: 4/4
  2103 | D:3      | Reached skill level 5 in Axes
  2776 | D:3      | Gained mutation: You have a pair of horns on your head.
                  | [demonic ancestry]
  2776 | D:3      | Reached XP level 5. HP: 41/41 MP: 5/5
  3197 | D:4      | Reached *** piety under Trog
  3582 | D:4      | Reached skill level 6 in Axes
  3659 | D:4      | Reached XP level 6. HP: 47/47 MP: 6/6
  3968 | D:4      | Found a shimmering altar of Xom.
  4210 | D:5      | Entered Level 5 of the Dungeon
  4244 | D:5      | Reached skill level 7 in Axes
  4421 | D:5      | Reached XP level 7. HP: 47/52 MP: 7/7
  4710 | D:5      | Reached skill level 8 in Axes
  4861 | D:5      | Found Pixtoido's Antique Weapon Emporium.
  4868 | D:5      | Bought a runed war axe for 195 gold pieces
  4897 | D:5      | Found Huirch Xisua's Book Shoppe.
  5028 | D:5      | Found a snail-covered altar of Cheibriados.
  5078 | D:5      | Found a runed translucent door.
  5079 | D:5      | Noticed Crazy Yiuf
  5107 | D:5      | Killed Crazy Yiuf
  5453 | D:6      | Reached skill level 9 in Axes
  5453 | D:6      | Gained mutation: You are partially covered in sharp spines.
                  | [demonic ancestry]
  5453 | D:6      | Reached XP level 8. HP: 26/58 MP: 8/8
  5453 | D:6      | Quit the game

Illustrated notes

Levels and vault maps discovered:
D:1:      nzn_arrival_water_spiral, layout_basic
D:2:      layout_rooms
D:3:      minmay_wonky_spiral, layout_rooms, minmay_circle_x
D:4:      layout_loops_corners, general_overflow_altar
D:5:      layout_loops_ring, cheibrodos_worm_habitat, serial_shops, shop,
          nicolae_shop_waterfront, serial_glass, glass_columns_a,
          glass_columns_a, due_unseen_surprise, feat_on_display,
          feat_on_display, minmay_strange_pillars, uniq_crazy_yiuf_cottage
D:6:      layout_layer_cave, kennysheep_mini_moat, lemuel_oklob_altar

Skill      XL: |  1  2  3  4  5  6  7 |
---------------+----------------------+-----
Axes           | 3 4 5 6 7 9 |  9.0
Fighting       | |  3.0
Armour         | |  1.7
Dodging        | |  1.7

Action                   |  1- 3 |  4- 6 |  7- 9 || total
-------------------------+-------+-------+-------++-------
Melee: Hand axe          |   144 |   230 |    65 ||   439
       Headbutt          |    24 |    31 |    12 ||    67
       War axe           |       |       |    24 ||    24
Invok: Berserk           |     1 |     5 |     3 ||     9
       Trog's Hand       |       |     2 |     1 ||     3
  Use: Scroll            |     1 |     3 |       ||     4
 Stab: Sleeping          |     1 |       |       ||     1
Armor: Animal skin       |     3 |       |       ||     3
       Ring mail         |    60 |   113 |    60 ||   233
Dodge: Dodged            |    81 |   141 |    58 ||   280

Table legend: (Time is in decaauts)
 A = Elapsed time spent in this place.
 B = Non-inter-level travel time spent in this place.
 C = Inter-level travel time spent in this place.
 D = Time resting spent in this place.
 E = Time spent auto-exploring this place.
 F = Levels seen in this place.
 G = Mean time per level.
                   A        B        C        D        E       F      G
               +--------+--------+--------+--------+--------+-----+--------+
         Total |   5573 |   5498 |     75 |   1149 |   3399 |   6 |  928.8 |
       Dungeon |   5573 |   5498 |     75 |   1149 |   3399 |   6 |  928.8 |
               +--------+--------+--------+--------+--------+-----+--------+

Top non-repeatable levels by time:
     D:3: 1311 daAuts
     D:4: 1088 daAuts
     D:1: 1008 daAuts
     D:5: 974 daAuts
     D:2: 884 daAuts
     D:6: 305 daAuts
